 Seeded DCSS version 0.28.0-45-g0d030f2227 (webtiles) character file.

Game seed: 14447413411792647702 (custom seed)

117 zeratav the Chopper (level 5, -1/47 HPs)
             Began as a Hill Orc Monk on Apr 20, 2022.
             Slain by an ogre
             ... wielding a +0 giant spiked club
              (11 damage)
             ... on level 4 of the Dungeon.
             The game lasted 00:07:51 (4342 turns).

zeratav the Chopper (Hill Orc Monk)                 Turns: 4342, Time: 00:07:52

Health: -1/47      AC:  3    Str: 16    XL:     5   Next: 1%
Magic:  6/6        EV: 12    Int: 10    God:
Gold:   120        SH:  0    Dex: 13    Spells: 4/4 levels left

rFire   . . .      SeeInvis .   r - +1 war axe (drain) {axe}
rCold   . . .      Faith    .   (no shield)
rNeg    . . .      Spirit   .   f - +0 leather armour
rPois   .          Reflect  .   (no helmet)
rElec   .          Harm     .   (no cloak)
rCorr   .          Rampage  .   (no gloves)
Will    .....                   (no boots)
Stlth   ++........              (no amulet)
HPRegen 0.15/turn               (no ring)
MPRegen 0.10/turn               (no ring)

@: no status effects
A: no striking features
a: no special abilities


You were on level 4 of the Dungeon.
You visited 1 branch of the dungeon, and saw 4 of its levels.

You collected 120 gold pieces.


   Skills:
 + Level 4.3 Fighting
 * Level 5.5 Axes
 + Level 2.0 Armour
 - Level 2.4 Dodging
 - Level 1.5 Stealth
 + Level 2.4 Invocations


You had 4 spell levels left.
You didn't know any spells.
Your spell library contained the following spells:

 Spells                   Type           Power      Damage    Failure   Level
 Animate Skeleton         Necr           0%         N/A       43%         1
 Apportation              Tloc           0%         N/A       43%         1
 Foxfire                  Conj/Fire      0%         2x1d4     43%         1
 Summon Small Mammal      Summ           0%         N/A       43%         1

Inventory:

Hand Weapons
 r - a +1 war axe of draining (weapon) {axe}
   (You took it off an orc on level 3 of the Dungeon)
Armour
 f - a +0 leather armour (worn)
   (You found it on level 1 of the Dungeon)
Jewellery
 e - a ring of positive energy
   (You found it on level 1 of the Dungeon)
 m - a ring of fire
   (You found it on level 3 of the Dungeon)
Scrolls
 i - a scroll of blinking {unknown}
 j - a scroll of teleportation {unknown}
 k - a scroll of vulnerability {unknown}
 l - 2 scrolls of identify {unknown}
 n - a scroll of enchant armour {unknown}
 q - a scroll of noise {unknown}
Potions
 b - a potion of might {unknown}
 d - a potion of resistance {unknown}
 h - a potion of brilliance {unknown}
 o - a potion of heal wounds {unknown}
 p - a potion of curing {unknown}

Dungeon Overview and Level Annotations

Branches:
Dungeon (4/15)
 Temple: D:4-7

Altars:
Dithmenos

#..###########...(##
###..#................
##..).#.#####.....####.
##....... #.....(<...
#.......# ##......##.#
#.......#
###.....####.#
#.......###.......# #.#
#....O###..##....# ..#
#.....@...###....# .##
#.......#### #....# ##
#.......# ######
#.......# .......
##.....## .......
##...## ....... ####
......> .......##
........#


You could see an ogre (drained).


Message History

You kill the kobold!
Things that are here:
a +0 short sword {short}; 6 poisoned darts {throwing}; a kobold corpse You now have 110 gold pieces (gained 5).
The hobgoblin shouts!
You hit the hobgoblin. The hobgoblin closely misses you.
You hit the hobgoblin but do no damage. The hobgoblin barely misses you.
You completely miss the hobgoblin. The hobgoblin barely misses you.
You slash the hobgoblin!
You kill the hobgoblin!
Your Armour skill increases to level 2!
You see here a hobgoblin corpse.
You now have 120 gold pieces (gained 10).
A hobgoblin comes into view.
The orc shouts!
You see here a ball python skeleton.
There is a stone staircase leading up, spattered with blood here.
The orc misses you.
You see here a ball python skeleton.
The orc hits you with a +0 war axe!
There is a stone staircase leading up, spattered with blood here.
HP[-9]
You take 9 damage, and now have 32/41 hp.
MASSIVE DAMAGE!! (PAUSE)
The orc hits you with a +0 war axe.
You climb upwards.
There is a stone staircase leading down, spattered with blood here.
HP[-4]
You take 4 damage, and now have 28/41 hp.
You hit the orc but do no damage. Your punch misses the orc.
The orc closely misses you.
You hit the orc but do no damage. The orc hits you with a +0 war axe.
HP[-5]
You take 5 damage, and now have 23/41 hp.
You hit the orc. The orc hits you with a +0 war axe.
* * * LOW HITPOINT WARNING * * *
HP[-4]
You take 4 damage, and now have 19/41 hp.
You hit the orc but do no damage. The orc closely misses you.
You hit the orc.
You kill the orc!
Things that are here:
a +0 war axe {axe}; a +0 ring mail; HP[+1]
You are now empty-handed.
Unknown command.
You start resting.
HP[+21]
Your hp is fully restored (41).
r - a +0 war axe (weapon)
{axe}
There is a stone staircase leading down, spattered with blood here.
As you read the scroll labelled VOQYCRIOGG, it crumbles to dust.
It is a scroll of enchant weapon.
Your +0 war axe {axe} glows red for a moment.
You drop a +0 hand axe {axe}.
As you read the scroll labelled SAGHUELITE, it crumbles to dust.
It is a scroll of brand weapon.
Your +1 war axe {axe} craves living souls!
r - a +1 war axe of draining (weapon)
{axe} You climb downwards.
The adder skeleton bites you.
There is a stone staircase leading up, spattered with blood here.
HP[-4]
You take 4 damage, and now have 37/41 hp.
You hit the adder skeleton. The adder skeleton closely misses you.
The adder skeleton bites you but does no damage.
HP[+1]
You barely miss the adder skeleton. The adder skeleton bites you.
HP[-3]
You take 3 damage, and now have 35/41 hp.
You slash the adder skeleton! The adder skeleton bites you.
The adder skeleton misses you.
HP[-2]
You take 2 damage, and now have 33/41 hp.
You slash the adder skeleton!
You destroy the adder skeleton!
You have reached level 5!
You feel stronger.
HP[+5] MP[+1]
You now have 47 max hp (+6).
You regained 5 hp, and now have 38/47 hp.
Your mp is fully restored (6).
You start resting.
HP[+9]
Your hp is fully restored (47).
You see here 16 sling bullets.
An ogre comes into view. It is wielding a +0 giant spiked club.
The ogre shouts!
You slash the ogre! You drain the ogre.
The ogre hits you with a +0 giant spiked club!
HP[-16]
You take 16 damage, and now have 31/47 hp.
MASSIVE DAMAGE!! (PAUSE)
You hit the ogre.
The ogre hits you with a +0 giant spiked club!!
* * * LOW HITPOINT WARNING * * *
HP[-21]
You take 21 damage, and now have 10/47 hp.
MASSIVE DAMAGE!! (PAUSE)
You hit the ogre but do no damage. You drain the ogre.
The ogre hits you with a +0 giant spiked club!
You die...

Skill      XL: |  1  2  3  4 |
---------------+-------------+-----
Invocations    | 1 2 |  2.4
Fighting       | 4 |  4.3
Armour         | 1 2 |  2.0
Axes           | 5 |  5.5
Dodging        | |  2.4
Stealth        | |  1.5

Action                   |  1- 3 |  4- 6 || total
-------------------------+-------+-------++-------
Melee: Hand axe          |   106 |    47 ||   153
       Punch             |     2 |       ||     2
       War axe           |       |     7 ||     7
  Use: Scroll            |       |     2 ||     2
 Stab: Sleeping          |     5 |       ||     5
Armor: Leather armour    |    30 |    18 ||    48
Dodge: Dodged            |    68 |    51 ||   119

Levels and vault maps discovered:
D:1:      dpeg_arrival_houses_and_road, layout_loops_ring, minmay_tromino_v4_a
D:2:      layout_loops_corners, shapermc_ecumenical_altar_rom_forum, st_stairs_8
D:3:      layout_basic, amcnicky_altar_gilded
D:4:      layout_rooms, xom_confusion_cloud, serial_shops, nicolae_shop_crystal

Notes
Turn   | Place    | Note
-------+----------+-------------------------------------------
     0 | D:1      | zeratav the Hill Orc Monk began the quest for the Orb.
     0 | D:1      | Reached XP level 1. HP: 19/19 MP: 1/1
     0 | D:1      | magus.rc [v1.9.6]
   337 | D:1      | Reached XP level 2. HP: 27/27 MP: 2/2
   561 | D:1      | Reached skill level 1 in Invocations
  1497 | D:2      | Reached skill level 4 in Fighting
  1497 | D:2      | Reached skill level 1 in Armour
  1497 | D:2      | Reached XP level 3. HP: 31/33 MP: 2/4
  1582 | D:2      | Found a faded altar of an unknown god.
  1590 | D:2      | Got Plato's Collected Works on Fire
  2391 | D:4      | Noticed a black bear
  2439 | D:3      | Reached skill level 5 in Axes
  2553 | D:3      | Found a shadowy altar of Dithmenos.
  2605 | D:3      | You pick up a book of Cantrips and begin reading...
  2605 | D:3      | You add the spells Animate Skeleton, Summon Small Mammal
                  | and Apportation to your library.
  2645 | D:3      | Reached XP level 4. HP: 36/40 MP: 5/5
  3286 | D:4      | Reached skill level 2 in Invocations
  3586 | D:3      | HP: 10/40 [poisoned by a kobold]
  3587 | D:3      | HP: 3/40 [gnoll/+0 club (6)]
  4057 | D:4      | Reached skill level 2 in Armour
  4266 | D:4      | Reached XP level 5. HP: 38/47 MP: 6/6
  4336 | D:4      | Noticed an ogre
  4341 | D:4      | HP: 10/47 [ogre/+0 giant spiked club (22)]
  4342 | D:4      | Slain by an ogre

Vanquished Creatures
  A centaur skeleton (D:4)
  A gnoll (D:3)
  2 adders
  An adder skeleton (D:4)
  A worm (D:2)
  2 dart slugs
  3 orcs (D:3)
  9 endoplasms
  A giant cockroach (D:2)
  3 hobgoblins
  3 quokkas
  7 ball pythons
  6 bats
  3 goblins
  2 kobolds
  3 rats
48 creatures vanquished.

Vanquished Creatures (others)
  3 fungi (D:2)
  2 plants (D:2)
5 creatures vanquished.

Grand Total: 53 creatures vanquished

Table legend:
 A = Non-vault XP
 B = Vault XP
 C = Vault XP percentage of total XP
 D = Non-vault monster count
 E = Vault monster count
 F = Vault count percentage of total count
                 A         B        C        D         E       F
            +---------+---------+-------+---------+---------+-------
      Total |     105 |      63 |  37.5 |      37 |      11 |  22.9
            +---------+---------+-------+---------+---------+-------
        D:1 |      20 |       4 |  16.7 |      12 |       2 |  14.3
        D:2 |      14 |      17 |  54.8 |       7 |       2 |  22.2
        D:3 |      23 |      21 |  47.7 |      12 |       3 |  20.0
        D:4 |      48 |      21 |  30.4 |       6 |       4 |  40.0
            +---------+---------+-------+---------+---------+-------

Illustrated notes

Table legend:
 A = Kills in this place as a percentage of kills in entire the game.
 B = Kills by you in this place as a percentage of kills by you in the entire game.
 C = Kills by friends in this place as a percentage of kills by friends in the entire game.
 D = Other kills in this place as a percentage of other kills in the entire game.
 E = Experience gained in this place as a percentage of experience gained in the entire game.
 F = Experience gained in this place divided by the number of levels of this place that you have seen.
                   A       B       C       D       E      F
               +-------+-------+-------+-------+-------+----------------------
         Total | 100.0 | 100.0 |   N/A |   N/A | 100.0 |  42.0
       Dungeon | 100.0 | 100.0 |   N/A |   N/A | 100.0 |  42.0
               +-------+-------+-------+-------+-------+----------------------

Table legend: (Time is in decaauts)
 A = Elapsed time spent in this place.
 B = Non-inter-level travel time spent in this place.
 C = Inter-level travel time spent in this place.
 D = Time resting spent in this place.
 E = Time spent auto-exploring this place.
 F = Levels seen in this place.
 G = Mean time per level.
                   A        B        C        D        E       F      G
               +--------+--------+--------+--------+--------+-----+--------+
         Total |   4357 |   4051 |    306 |   1199 |   2056 |   4 | 1089.2 |
       Dungeon |   4357 |   4051 |    306 |   1199 |   2056 |   4 | 1089.2 |
               +--------+--------+--------+--------+--------+-----+--------+

Top non-repeatable levels by time:
     D:3: 1854 daAuts
     D:2: 1176 daAuts
     D:1: 1118 daAuts
     D:4: 207 daAuts
